 Dungeon Crawl Stone Soup version 0.31-a0-83-gbff143cfd1 (webtiles) character file.

Game seed: 7700881793457559167

2 Esekla the Sneak (level 1, -3/16 HPs)
             Began as an Octopode Delver on May 25, 2023.
             Slain by an orc
             ... wielding a +0 hand axe
              (4 damage)
             ... on level 5 of the Dungeon.
             The game lasted 00:00:35 (56 turns).

Esekla the Sneak (Octopode Delver)                    Turns: 56, Time: 00:00:36

Health: -3/16      AC:  1    Str: 11    XL:     1   Next: 30%
Magic:  1/1        EV: 13    Int: 12    God:
Gold:   15         SH:  0    Dex: 13    Spells: 0/0 levels left

rFire   . . .        a - +0 falchion
rCold   . . .        (no shield)
rNeg    . . .        (helmet restricted)
rPois   .            (no amulet)
rElec   .            (no ring)
rCorr   .            (no ring)
SInv    .            (no ring)
Will    .....        (no ring)
Stlth   ++++         (no ring)
HPRegen 0.22/turn    (no ring)
MPRegen 0.07/turn    (no ring)
                     (no ring)

%: no passive effects
@: no status effects
A: almost no armour, amphibious, 8 rings, camouflage 1, gelatinous body 1,
(nimble swimmer 1), tentacles
a: no special abilities


You were on level 5 of the Dungeon.
You visited 1 branch of the dungeon, and saw 1 of its levels.

You collected 15 gold pieces.

Inventory:

Hand Weapons
 a - a +0 falchion (weapon)
Wands
 f - a wand of digging (3)
Scrolls
 b - a scroll of fog
 d - a scroll of fear
Potions
 e - a potion of haste


   Skills:
 * Level 3.0 Fighting
 * Level 2.0 Long Blades
 * Level 2.0 Dodging
 + Level 6.6 Stealth


You couldn't memorise any spells.
You didn't know any spells.
Your spell library was empty.

Dungeon Overview and Level Annotations

Branches:
Dungeon (5/15)
 Temple: D:4-7

Altars:


Innate Abilities, Weirdness & Mutations

You cannot wear most types of armour.
You are amphibious.
You can wear up to eight rings at the same time.
Your skin changes colour to match your surroundings (Stealth+).
Your rubbery body absorbs attacks. (AC +1, EV +1)
((You are camouflaged when in or above water. (Stealth+)))
You have tentacles for arms and can constrict up to eight enemies at once.


Message History

Found a stone staircase leading up.
Found 8 gold pieces.
You start waiting.
An orc is nearby!
You closely miss the orc. You grab the orc.
You constrict the orc, but do no damage.
The orc closely misses you.
You slash the orc!
You kill the orc! 2 orcs come into view.
An orc is wielding a +1 heavy falchion.
The orc priest barely misses you. The orc hits you but does no damage.
The orc priest attacks as you move away!
The orc priest hits you with a +0 club. The orc attacks as you move away!
The orc hits you with a +0 hand axe.
You closely miss the orc priest. Your grab misses the orc priest.
You squeeze the orc priest.
The orc priest is moderately wounded.
The orc priest barely misses you.
You closely miss the orc priest. You grab the orc priest.
The orc priest is moderately wounded.
You constrict the orc priest, but do no damage.
The orc priest escapes!
You closely miss the orc priest. Your grab misses the orc priest.
You squeeze the orc priest!
The orc priest is severely wounded.
The orc priest hits you but does no damage.
You closely miss the orc priest. You grab the orc priest.
The orc priest is severely wounded.
You constrict the orc priest, but do no damage.
The orc priest barely misses you. The orc hits you with a +0 hand axe.
You hit the orc priest but do no damage.
The orc priest is severely wounded.
You constrict the orc priest, but do no damage.
The orc priest looks encouraged for a moment.
The orc hits you with a +0 hand axe.
* * * LOW HITPOINT WARNING * * *
You hit the orc priest.
You kill the orc priest!
The orc hits you with a +0 hand axe.
You die...

*** ****,,.....####..##
*,***,...........#....#
**,,**,...........>...##
*,,,,,,........[.....##
**,**,,.............##
**,,**,,.$.<...#.....#
**,,,,,,,,......##...##
*,,,,,,,..#,,#.o.)...#
,,,,,,,,.....#.o@#...#
,,,,,,,,.......o###..##
,,,,,,,,....##...o....#
,,,,,,,,...,.[.......#####
*,,,,,,,,,.......[...##..####
*,,,,,,,........o.........#.#
**,,,,,,..........o.......#>##
*,,,,,,,...........###.o.....####
*,**,,,,.............#..........#


You could see 3 orcs.

Vanquished Creatures
  An orc priest (D:5)
  An orc (D:5)
2 creatures vanquished.

Notes
Turn   | Place    | Note
-------+----------+-------------------------------------------
     0 | D:5      | Esekla the Octopode Delver began the quest for the Orb.
     0 | D:5      | Reached XP level 1. HP: 16/16 MP: 1/1
    27 | D:5      | Noticed an orc priest
    37 | D:5      | Noticed a hound
    56 | D:5      | Killed an orc priest
    56 | D:5      | Slain by an orc

Illustrated notes

Levels and vault maps discovered:
D:5:      black_bear_nest_1, layout_cave_pools, kennysheep_mini_moat,
          kennysheep_little_box

Action                     || total
---------------------------++-------
  Melee: Falchion          ||     8
         Constrict         ||     3
         Tentacles         ||     2
    Use: Scroll            ||     1
 Armour: Skin              ||     2
  Dodge: Dodged            ||     4

Table legend: (Time is in decaauts)
 A = Elapsed time spent in this place.
 B = Non-inter-level travel time spent in this place.
 C = Inter-level travel time spent in this place.
 D = Time resting spent in this place.
 E = Time spent auto-exploring this place.
 F = Levels seen in this place.
 G = Mean time per level.
                   A        B        C        D        E       F      G
               +--------+--------+--------+--------+--------+-----+--------+
         Total |     57 |     57 |      0 |      3 |      0 |   1 |   57.0 |
       Dungeon |     57 |     57 |      0 |      3 |      0 |   1 |   57.0 |
               +--------+--------+--------+--------+--------+-----+--------+

Top non-repeatable levels by time:
     D:5: 57 daAuts
